[Event "Team 45 45 League T53"]
[Site "Internet Chess Club"]
[Date "2012.05.31"]
[Round "3"]
[White "zhou2004"]
[Black "carolinaknight"]
[Result "1-0"]
[WhiteElo "1057"]
[BlackElo "1269"]
[Opening "Nimzo-Indian: Leningrad variation"]
[ECO "E30"]
[Time "18:30:11"]
[TimeControl "2700+45"]

1. d4 e6 2. c4 Bb4+ 3. Nc3 Nf6 4. Bg5 h6 5. Bxf6 Qxf6 6. Nf3 b6 7. e4 Bb7 8. Bd3
Nc6 9. e5 Qd8 10. a3 Be7 11. b4 O-O 12. Ne2 a5 13. b5 Na7 14. a4 d5 15. cxd5
Bxd5 16. Ng3 Bb4+ 17. Ke2 c6 18. bxc6 Nxc6 19. Bc2 Bc3 20. Qd3 Bxa1 21. Qh7#
{Black checkmated} 1-0

[Event "Team 45 45 League T53"]
[Site "Internet Chess Club"]
[Date "2012.06.01"]
[Round "3"]
[White "wekabird"]
[Black "vjbaker"]
[Result "0-1"]
[WhiteElo "1154"]
[BlackElo "1289"]
[Opening "English opening"]
[ECO "A20"]
[Time "19:00:45"]
[TimeControl "2700+45"]

1. c4 e5 2. e4 Nf6 3. Nc3 Bc5 4. h3 c6 5. d3 d6 6. Nf3 Be6 7. a3 Nbd7 8. Na4 O-O
9. Nxc5 Nxc5 10. b4 Ncd7 11. g3 d5 12. cxd5 cxd5 13. Bg5 Rc8 14. Bg2 Qe7 15. O-O
dxe4 16. dxe4 Rfd8 17. Re1 Nc5 18. bxc5 Rxd1 19. Raxd1 Rxc5 20. Rc1 Rxc1 21.
Rxc1 Qxa3 22. Rc7 h6 23. Bxf6 gxf6 24. Rxb7 Qa1+ 25. Kh2 a5 26. Nh4 a4 27. Nf5
Bxf5 28. exf5 a3 29. Bd5 Qf1 30. Ra7 Qxf2+ 31. Bg2 Qxa7 {White resigns} 0-1

[Event "Team 45 45 League T53"]
[Site "Internet Chess Club"]
[Date "2012.06.02"]
[Round "3"]
[White "GideonL"]
[Black "dpmdpm"]
[Result "1/2-1/2"]
[WhiteElo "1277"]
[BlackElo "1536"]
[Opening "Sicilian: Najdorf, Byrne (English) attack"]
[ECO "B90"]
[Time "10:03:37"]
[TimeControl "2700+45"]

1. e4 c5 2. Nf3 d6 3. d4 cxd4 4. Nxd4 Nf6 5. Nc3 a6 6. Be3 e5 7. Nb3 Be6 8. Bd3
Be7 9. O-O b5 10. f4 Qc7 11. f5 Bc4 12. Bxc4 Qxc4 13. Qd3 Qxd3 14. cxd3 O-O 15.
Rf3 Nc6 16. Rg3 Kh8 17. Rf1 Rfd8 18. Rff3 d5 19. exd5 Nxd5 20. Nxd5 Rxd5 21. Bg5
f6 22. Bc1 Rad8 23. a3 a5 24. Rh3 a4 25. Na1 Nd4 26. Rf2 Bc5 27. Be3 Nc6 28.
Bxc5 {Game drawn by mutual agreement} 1/2-1/2

[Event "Team 45 45 League T53"]
[Site "Internet Chess Club"]
[Date "2012.06.05"]
[Round "3"]
[White "otib2006"]
[Black "KrazyLegz"]
[Result "0-1"]
[WhiteElo "1312"]
[BlackElo "1222"]
[Opening "Queen's pawn game, Chigorin variation"]
[ECO "D02"]
[Time "11:07:34"]
[TimeControl "2700+45"]

1. d4 d5 2. Nf3 Nc6 3. e3 Nf6 4. Bd3 e6 5. Nbd2 Bd6 6. O-O Qe7 7. c3 e5 8. dxe5
Nxe5 9. Nxe5 Qxe5 10. Nf3 Qe7 11. b3 Bg4 12. c4 Bxf3 13. Qxf3 Qe5 14. g3 Qxa1
15. Ba3 Qe5 16. Bxd6 Qxd6 17. cxd5 Qxd5 18. e4 Qd4 19. Re1 Qc3 20. Qe2 O-O 21.
Qe3 Qe5 22. f4 Qe6 23. Qc5 c6 24. Qg5 Qg4 25. Qc5 Qf3 26. Qf5 Qxd3 27. g4 Qd2
28. Rf1 Qe3+ 29. Rf2 Qe1+ 30. Rf1 Qxe4 31. Qxe4 Nxe4 32. Re1 Rfe8 33. Kg2 Nc3
34. Rc1 Re2+ 35. Kf3 Nxa2 36. Ra1 Rae8 37. f5 R8e3+ 38. Kf4 h6 39. h4 Re4+ 40.
Kf3 f6 41. Rxa2 R2e3+ 42. Kf2 Rxb3 43. Rxa7 Rf4+ 44. Ke2 Rb2+ 45. Ke3 Rxg4 46.
Ra8+ Kh7 47. h5 Rg3+ 48. Kd4 Rb4+ 49. Kc5 Rgg4 50. Kd6 Rgd4+ 51. Kc7 c5 52. Ra5
c4 53. Ra3 Rb3 54. Ra4 b5 55. Ra5 c3 56. Ra1 b4 57. Rc1 Rd2 58. Kc6 c2 59. Kc5
Rb2 60. Kc4 b3 61. Kc3 Rd1 62. Kxb2 Rxc1 63. Kxc1 g5 64. hxg6+ Kg7 65. Kb2 h5
66. Kc1 h4 {White resigns} 0-1

[Event "Team 45 45 League T53"]
[Site "Internet Chess Club"]
[Date "2012.06.04"]
[Round "3"]
[White "tamky70"]
[Black "CoasterBrake"]
[Result "1-0"]
[WhiteElo "1423"]
[BlackElo "1151"]
[Opening "Caro-Kann: classical, 6.h4"]
[ECO "B18"]
[Time "14:02:28"]
[TimeControl "2700+45"]

1. e4 c6 2. d4 d5 3. Nc3 dxe4 4. Nxe4 Bf5 5. Ng3 Bg6 6. h4 h6 7. h5 Bh7 8. Nf3
Nd7 9. Bd3 Bxd3 10. Qxd3 e6 11. Be3 Ngf6 12. O-O-O Qb6 13. d5 Qc7 14. dxe6 fxe6
15. Qg6+ Kd8 16. Ne4 Rg8 17. Nxf6 Qa5 18. Qe8+ Kc7 19. Rxd7# {Black checkmated}
1-0

[Event "Team 45 45 League T53"]
[Site "Internet Chess Club"]
[Date "2012.06.04"]
[Round "3"]
[White "WzeroMN"]
[Black "theartist"]
[Result "0-1"]
[WhiteElo "1029"]
[BlackElo "1194"]
[Opening "French: exchange variation"]
[ECO "C01"]
[Time "10:17:01"]
[TimeControl "2700+45"]

1. e4 e6 2. d4 d5 3. exd5 exd5 4. Nf3 Bd6 5. Be2 Nf6 6. O-O O-O 7. Bg5 h6 8.
Bxf6 Qxf6 9. Nc3 c6 10. Re1 Bf5 11. Bd3 Bxd3 12. Qxd3 Nd7 13. a3 Rae8 14. Rxe8
Rxe8 15. Re1 Rxe1+ 16. Nxe1 Qg5 17. Qe2 Nf6 18. Qd1 Bxh2+ 19. Kxh2 Qh4+ 20. Kg1
Ng4 21. Nf3 Qxf2+ 22. Kh1 Ne3 23. Qe2 Qxe2 24. Nxe2 Nxc2 25. Ne5 Kf8 26. Kg1 Ke7
27. Kf2 Ke6 28. Nf4+ Ke7 29. Ne2 g5 30. Ng1 Nxd4 31. Kf1 f6 32. Nef3 Nxf3 33.
Nxf3 c5 34. Ke2 h5 35. g3 Ke6 36. Kd3 Kf5 37. Ke3 Kg4 38. Kf2 h4 39. gxh4 gxh4
40. Nh2+ Kf4 41. Nf3 h3 42. Nh2 d4 43. Nf3 d3 44. b3 b5 45. Nh2 c4 46. bxc4 bxc4
47. Ke1 c3 48. Kd1 Kg3 49. Nf1+ Kf2 50. Nh2 f5 51. a4 Kg2 {White resigns} 0-1

[Event "Team 45 45 League T53"]
[Site "Internet Chess Club"]
[Date "2012.06.04"]
[Round "3"]
[White "gandre"]
[Black "vaknight"]
[Result "1-0"]
[WhiteElo "1822"]
[BlackElo "1708"]
[Opening "Dutch"]
[ECO "A80"]
[Time "18:11:37"]
[TimeControl "2700+45"]

1. d4 f5 2. Bf4 Nf6 3. Nf3 e6 4. e3 Be7 5. h3 Nc6 6. Bd3 Nb4 7. Bc4 b6 8. c3
Nbd5 9. Bh2 Bb7 10. Nbd2 O-O 11. Qe2 Rc8 12. a4 Ne4 13. a5 Nd6 14. Bd3 Nf6 15.
axb6 axb6 16. O-O Qe8 17. Ra2 Qh5 18. Rfa1 g5 19. Ne5 g4 20. hxg4 Nxg4 21. Nxg4
fxg4 22. Ra7 Rf6 23. Bf4 Bc6 24. Nf1 Nf5 25. Bxf5 exf5 26. Ng3 Qh4 27. Qc2 Rcf8
28. Qb3+ Kg7 29. Be5 Bd6 30. Nxf5+ {Black resigns} 1-0

[Event "Team 45 45 League T53"]
[Site "Internet Chess Club"]
[Date "2012.05.30"]
[Round "3"]
[White "nursey"]
[Black "moomaster"]
[Result "1-0"]
[WhiteElo "1647"]
[BlackElo "1608"]
[Opening "French: classical variation"]
[ECO "C14"]
[Time "16:35:05"]
[TimeControl "2700+45"]

1. e4 e6 2. d4 d5 3. Nc3 Nf6 4. Bg5 Be7 5. e5 Nfd7 6. Bxe7 Qxe7 7. Nf3 c5 8. Nb5
Nb6 9. Nd6+ Kf8 10. dxc5 N6d7 11. Nxc8 Qxc5 12. Nd6 Nxe5 13. Nxe5 Qxd6 14. Qh5
Qb4+ 15. c3 Qxb2 16. Qxf7# {Black checkmated} 1-0

[Event "Team 45 45 League T53"]
[Site "Internet Chess Club"]
[Date "2012.06.04"]
[Round "3"]
[White "Cicero"]
[Black "eagle"]
[Result "1-0"]
[WhiteElo "1327"]
[BlackElo "1473"]
[Opening "Trompowsky attack (Ruth, Opocenský opening)"]
[ECO "A45"]
[Time "15:01:22"]
[TimeControl "2700+45"]

1. d4 Nf6 2. Bg5 Ne4 3. Bf4 d5 4. f3 Nf6 5. Nc3 Bf5 6. e3 e6 7. Bd3 Bxd3 8. Qxd3
c5 9. e4 dxe4 10. fxe4 Nc6 11. Nb5 Rc8 12. Bg5 Be7 13. e5 Nd5 14. Bxe7 Kxe7 15.
Qf3 Qa5+ 16. Nc3 cxd4 17. Ne2 dxc3 18. O-O cxb2 19. Qxf7+ Kd8 20. Rab1 Qc5+ 21.
Kh1 Qe7 22. Qh5 g6 23. Qg4 Nxe5 24. Qd4 Qg7 25. Qxb2 Rg8 26. Qb3 Qc7 27. Nd4 Qe7
28. Rfe1 Qd6 29. Qxb7 Nc3 30. Nb5 Nxb5 31. Qxb5 Nd7 32. Red1 Qc6 33. Qd3 Ke7 34.
Qg3 Ke8 35. Rb3 Qxc2 36. Re1 Qc6 37. Rbe3 e5 38. h4 h5 39. Qg5 Qc2 40. R3e2 Qf5
41. Qd2 Qf6 42. Re4 Qc6 43. a3 Qc2 44. Qd5 Ke7 45. Rf1 Rcf8 46. Rd1 Rd8 47.
Rxe5+ Nxe5 48. Qxe5+ Kf7 49. Rf1+ Qf5 50. Qc7+ Ke8 51. Re1+ Kf8 52. Qe7# {Black
checkmated} 1-0

[Event "Team 45 45 League T53"]
[Site "Internet Chess Club"]
[Date "2012.06.03"]
[Round "3"]
[White "JWB"]
[Black "Insan996"]
[Result "0-1"]
[WhiteElo "1679"]
[BlackElo "1601"]
[Opening "English: symmetrical variation"]
[ECO "A37"]
[Time "11:00:27"]
[TimeControl "2700+45"]

1. Nf3 c5 2. c4 Nc6 3. Nc3 g6 4. g3 Bg7 5. Bg2 d6 6. O-O Nf6 7. d4 cxd4 8. Nxd4
Bd7 9. e3 O-O 10. b3 a6 11. Bb2 Qc7 12. Rc1 Rab8 13. Qd2 e5 14. Nxc6 bxc6 15.
Rfd1 Ne8 16. Ne4 Rd8 17. Nxd6 Bg4 18. f3 Rxd6 19. Qe2 Be6 20. c5 Rxd1+ 21. Rxd1
Qa5 22. Ra1 Nc7 23. Qc2 Rd8 24. Bc3 Qxc5 25. Kf2 Nd5 {White resigns} 0-1

[Event "Team 45 45 League T53"]
[Site "Internet Chess Club"]
[Date "2012.06.02"]
[Round "3"]
[White "fireball"]
[Black "Frankly"]
[Result "1-0"]
[WhiteElo "1719"]
[BlackElo "1757"]
[Opening "KGD: Falkbeer, 5.de"]
[ECO "C32"]
[Time "15:06:20"]
[TimeControl "2700+45"]

1. e4 e5 2. f4 d5 3. exd5 e4 4. d3 Nf6 5. dxe4 Nxe4 6. Nf3 Bc5 7. Qe2 Bf2+ 8.
Kd1 Qxd5+ 9. Bd2 O-O 10. Nc3 Nxc3+ 11. bxc3 Bb6 12. Qd3 Qc5 13. Ng5 Bg4+ 14. Be2
Bxe2+ 15. Kxe2 f5 16. Rae1 Re8+ 17. Kd1 Nc6 18. Rxe8+ Rxe8 19. Qd7 Qe7 20. Qd5+
Kh8 21. Nf7+ Kg8 22. Nd6+ Kf8 23. Qxf5+ Kg8 24. Nxe8 Qxe8 25. Re1 Qd8 26. Qe6+
Kf8 27. f5 Ba5 28. Qc4 Qd6 29. Qe6 Qd8 30. Kc1 h6 31. g4 Nd4 32. cxd4 Bxd2+ 33.
Kxd2 Qxd4+ 34. Ke2 Qxg4+ 35. Kd3 Qf3+ 36. Re3 Qd1+ 37. Kc3 Qa1+ 38. Kd2 Qd4+ 39.
Rd3 Qf2+ 40. Qe2 Qf4+ 41. Kc3 b5 42. Rd8+ Kf7 43. Qe6# {Black checkmated} 1-0

[Event "Team 45 45 League T53"]
[Site "Internet Chess Club"]
[Date "2012.06.01"]
[Round "3"]
[White "julesraider"]
[Black "PawnPusher3"]
[Result "0-1"]
[WhiteElo "1594"]
[BlackElo "1588"]
[Opening "Nimzo-Indian: classical variation"]
[ECO "E32"]
[Time "16:00:48"]
[TimeControl "2700+45"]

1. d4 Nf6 2. c4 e6 3. Nc3 Bb4 4. Qc2 O-O 5. a3 Bxc3+ 6. Qxc3 b6 7. Bg5 Bb7 8.
Nf3 d6 9. Nd2 Nbd7 10. f3 h6 11. Bh4 c5 12. e4 Rc8 13. e5 cxd4 14. Qxd4 dxe5 15.
Bxf6 exd4 16. Bxd8 Rfxd8 17. Bd3 Ne5 18. Ke2 Nxd3 19. Kxd3 e5 20. Rhc1 f6 21. b4
Rc7 22. Ra2 Rdc8 23. Rac2 Kf7 24. Ne4 Bxe4+ 25. Kxe4 Ke6 26. g4 g6 27. f4 g5 28.
fxe5 fxe5 29. c5 bxc5 30. Rxc5 Rxc5 31. bxc5 d3 32. Kxd3 Kd5 33. Rb1 Rxc5 34.
Rb7 Ra5 35. Rb3 e4+ 36. Ke3 Ke5 37. h3 Ra4 38. Rb5+ Kd6 39. Rb3 a6 40. Rb6+ Ke5
41. Rb3 Rd4 42. Rc3 Rd3+ 43. Rxd3 exd3 44. Kxd3 Kf4 45. a4 Kg3 46. a5 Kxh3 47.
Kc4 Kxg4 48. Kc5 h5 49. Kb6 h4 50. Kxa6 h3 51. Kb7 h2 52. a6 h1=Q+ 53. Kb6 Qa1
54. a7 Qxa7+ 55. Kxa7 Kf3 56. Kb7 g4 57. Kc7 g3 58. Kc6 g2 59. Kd6 g1=Q {White
resigns} 0-1

[Event "Team 45 45 League T53"]
[Site "Internet Chess Club"]
[Date "2012.06.04"]
[Round "3"]
[White "Nathan-L"]
[Black "kidcobra"]
[Result "1-0"]
[WhiteElo "1678"]
[BlackElo "1684"]
[Opening "King's Indian defense, 3.Nc3"]
[ECO "E61"]
[Time "17:23:53"]
[TimeControl "2700+45"]

1. d4 Nf6 2. c4 g6 3. Nc3 Bg7 4. Nf3 d6 5. Bf4 O-O 6. e4 Nbd7 7. Bd3 e5 8. dxe5
dxe5 9. Nxe5 Nxe5 10. Bxe5 Ng4 11. Bxg7 Kxg7 12. O-O Ne5 13. Be2 Be6 14. b3 Qh4
15. g3 Qh3 16. f4 Rad8 17. Qc2 Ng4 18. Bxg4 Bxg4 19. Nd5 c6 20. Qc3+ f6 21. Ne3
Rfe8 22. e5 Re6 23. exf6+ Kf7 24. Rae1 Red6 25. Qe5 Be6 26. f5 gxf5 27. Nxf5 Kg6
28. Nxd6 Bd5 29. cxd5 cxd5 30. f7 Rc8 31. Qf6+ Kh5 32. Re5+ Kg4 33. Rf4# {Black
checkmated} 1-0

[Event "Team 45 45 League T53"]
[Site "Internet Chess Club"]
[Date "2012.06.04"]
[Round "3"]
[White "RD1974"]
[Black "Manch"]
[Result "0-1"]
[WhiteElo "1646"]
[BlackElo "1559"]
[Opening "Sicilian: closed"]
[ECO "B23"]
[Time "14:00:43"]
[TimeControl "2700+45"]

1. e4 c5 2. Nc3 e6 3. Nf3 a6 4. g3 b5 5. Bg2 Bb7 6. d3 Qc7 7. Qe2 Nf6 8. Bf4 d6
9. O-O Be7 10. Rad1 O-O 11. Rd2 Nbd7 12. Rfd1 Nb6 13. e5 Nfd5 14. exd6 Bxd6 15.
Bxd6 Qxd6 16. Ne4 Qc7 17. d4 Nc4 18. Nxc5 Nxd2 19. Qxd2 Bc6 20. Ne5 Rfd8 21. Bh3
Nf6 22. Qf4 Rf8 23. Bxe6 fxe6 24. Nxe6 Qd6 25. Nxf8 Rxf8 26. Nxc6 Qxc6 27. c3
Ne4 28. Qe5 Nxf2 29. d5 Qd7 30. Rd2 Ng4 31. Qd4 Qf5 32. Qd3 Qf6 33. d6 Ne3 34.
h3 Qf1+ 35. Qxf1 Rxf1+ 36. Kh2 Rf8 37. d7 Nf1+ 38. Kg1 Nxd2 39. b3 Ne4 40. Kg2
Rd8 41. c4 bxc4 42. bxc4 Rxd7 43. Kf3 Nd2+ 44. Ke3 Nxc4+ 45. Ke4 Kf7 46. a4 Nb6
47. a5 Nc4 48. g4 Nxa5 49. h4 Nc6 50. g5 a5 51. h5 a4 52. g6+ hxg6 53. hxg6+
Kxg6 54. Kf4 a3 55. Ke4 a2 56. Kf4 a1=Q 57. Ke4 Rd4+ 58. Ke3 Qc3+ {White
resigns} 0-1

[Event "Team 45 45 League T53"]
[Site "Internet Chess Club"]
[Date "2012.06.04"]
[Round "3"]
[White "bowwrestler"]
[Black "ChessMaine"]
[Result "0-1"]
[WhiteElo "1221"]
[BlackElo "1473"]
[Opening "French: Fort Knox variation"]
[ECO "C10"]
[Time "18:09:43"]
[TimeControl "2700+45"]

1. e4 e6 2. d4 d5 3. Nc3 dxe4 4. Nxe4 Bd7 5. Nf3 Bc6 6. Bd3 Nd7 7. Bf4 Ngf6 8.
Nc3 Be7 9. O-O O-O 10. Re1 Re8 11. Nb5 Bxb5 12. Bxb5 c6 13. Bc4 b5 14. Bb3 a5
15. a4 Qb6 16. c4 Bb4 17. Re2 Rad8 18. axb5 cxb5 19. d5 exd5 20. cxd5 Rxe2 21.
Qxe2 Nc5 22. Ba2 Nce4 23. Qd3 Nxf2 24. Be3 Nxd3 25. Bxb6 Bc5+ 26. Bxc5 Nxc5 27.
Rd1 Nce4 28. Ne5 a4 29. Nc6 Rd6 30. Ne7+ Kf8 31. Nf5 Rd7 32. d6 g6 33. Ne3 Nxd6
34. Rc1 b4 35. Ng4 Nxg4 36. Rc6 Ne4 37. Ra6 Rd1# {White checkmated} 0-1

[Event "Team 45 45 League T53"]
[Site "Internet Chess Club"]
[Date "2012.06.04"]
[Round "3"]
[White "SugarIslander"]
[Black "Dracoac"]
[Result "0-1"]
[WhiteElo "1616"]
[BlackElo "1784"]
[Opening "Grünfeld: Russian variation"]
[ECO "D97"]
[Time "16:18:18"]
[TimeControl "2700+45"]

1. d4 Nf6 2. c4 g6 3. Nc3 d5 4. Nf3 Bg7 5. Qb3 dxc4 6. Qxc4 a6 7. e4 b5 8. Qb3
Bb7 9. e5 Ne4 10. Be2 Nxc3 11. bxc3 O-O 12. O-O c5 13. Rd1 Qc7 14. Be3 Nc6 15.
Rac1 Rfd8 16. e6 c4 17. exf7+ Kxf7 18. Bxc4+ bxc4 19. Qxc4+ e6 20. Ng5+ Ke8 21.
Nxe6 Qf7 22. Nxg7+ Qxg7 23. Re1 Kf8 24. d5 Ne5 25. Bc5+ Kg8 26. Rxe5 Qxe5 27.
d6+ Qd5 28. Qxd5+ Bxd5 29. Rd1 Bxa2 30. Re1 Rac8 31. d7 Rxd7 32. Bd4 Rcd8 33. g3
Rxd4 34. cxd4 Rxd4 35. h4 Rd8 36. Re2 Bc4 37. Rb2 Ra8 38. Kg2 a5 39. f3 a4 40.
Rc2 a3 41. Rc1 a2 42. Ra1 Rb8 43. h5 gxh5 44. g4 hxg4 45. Kg3 gxf3 46. Kf2 Rb1
47. Rxa2 Bxa2 48. Kg3 h5 49. Kf2 h4 50. Ke3 h3 51. Kf2 h2 52. Kg3 h1=Q 53. Kf2
Qg2+ 54. Ke3 Rb3+ 55. Kf4 Qd2+ 56. Kg3 f2+ 57. Kg2 Rg3+ 58. Kf1 Rg1# {White
checkmated} 0-1

[Event "Team 45 45 League T53"]
[Site "Internet Chess Club"]
[Date "2012.06.02"]
[Round "3"]
[White "ElMarginal"]
[Black "rom1"]
[Result "1-0"]
[WhiteElo "1527"]
[BlackElo "1583"]
[Opening "Alekhine's defense: Scandinavian variation"]
[ECO "B02"]
[Time "14:06:32"]
[TimeControl "2700+45"]

1. e4 Nf6 2. Nc3 d5 3. e5 d4 4. exf6 dxc3 5. fxg7 cxd2+ 6. Qxd2 Qxd2+ 7. Bxd2
Bxg7 8. O-O-O Be6 9. Kb1 Nd7 10. Bb4 c5 11. Ba3 O-O-O 12. Bb5 b6 13. Ne2 Ne5 14.
Nf4 Bc4 15. Ba4 Ng4 16. Rxd8+ Rxd8 17. f3 Ne3 18. Bc6 Kc7 19. Be4 f5 20. Bd3 Bf7
21. Re1 e6 22. Rxe3 e5 23. Nh3 c4 24. Be2 f4 25. Re4 Bd5 26. Ng5 h6 27. Nh3 Bxe4
28. fxe4 Rd2 29. Bf3 Kc6 30. Kc1 Rd8 31. Nf2 a5 32. b3 b5 33. bxc4 bxc4 34. c3
Kb5 35. Bb2 Bf6 36. Ng4 Bg7 37. Bd1 Rd6 38. a4+ Kc6 39. Be2 Rg6 40. Bf3 h5 41.
Nf2 Bf8 42. Kc2 Bc5 43. Nd1 h4 44. h3 Rd6 45. Kb1 Kd7 46. Kc2 Rb6 47. Bc1 Bg1
48. Nb2 Rc6 49. Kd1 Bf2 50. Kc2 Kc7 51. Nd1 Bc5 52. Bd2 Bg1 53. Be1 Rh6 54. Nb2
{Black resigns} 1-0

[Event "Team 45 45 League T53"]
[Site "Internet Chess Club"]
[Date "2012.06.01"]
[Round "3"]
[White "nanning"]
[Black "tryanything"]
[Result "1-0"]
[WhiteElo "1614"]
[BlackElo "1579"]
[Opening "QGD: Marshall defense"]
[ECO "A50"]
[Time "04:51:04"]
[TimeControl "2700+45"]

1. d4 Nf6 2. c4 d5 3. Nf3 Bf5 4. Nc3 e6 5. Qb3 Qc8 6. cxd5 exd5 7. Nxd5 Nxd5 8.
Qxd5 Be6 9. Qg5 Bb4+ 10. Bd2 Bxd2+ 11. Nxd2 O-O 12. d5 f6 13. Qh5 Bf7 14. Qf3
Qd7 15. e4 f5 16. Bc4 fxe4 17. Nxe4 Bxd5 18. Bxd5+ Qxd5 19. Nf6+ {Black resigns}
1-0

[Event "Team 45 45 League T53"]
[Site "Internet Chess Club"]
[Date "2012.06.12"]
[Round "3"]
[White "PostMike"]
[Black "oldsj"]
[Result "1-0"]
[WhiteElo "1494"]
[BlackElo "1614"]
[Opening "Sicilian: Scheveningen (Paulsen), classical variation"]
[ECO "B84"]
[Time "14:30:53"]
[TimeControl "2700+45"]

1. e4 c5 2. Nf3 d6 3. d4 cxd4 4. Nxd4 Nf6 5. Nc3 a6 6. Be2 e6 7. a4 Be7 8. O-O
O-O 9. Qd3 Qc7 10. Qg3 Bd7 11. Bh6 g6 12. Bxf8 Bxf8 13. Rfd1 Nc6 14. Qe3 Ne5 15.
h3 Rc8 16. f4 Nc4 17. Bxc4 Qxc4 18. Qd3 Qc5 19. Kh1 Bg7 20. Nde2 Ne8 21. e5 d5
22. Nd4 Qe7 23. Nce2 Nc7 24. Qb3 b5 25. axb5 axb5 26. c3 Qc5 27. Ra5 Qb6 28.
Rda1 Bf8 29. Qd1 b4 30. Qb3 Bc5 31. Nc2 Bb5 32. cxb4 Bxe2 33. Rxc5 Bc4 34. Qe3
Qb7 35. Qc1 Rb8 36. Rca5 Na6 37. Ne3 Bb5 38. Qc3 Qb6 39. Nc2 Qb7 40. Na3 Rc8 41.
Qe3 Nxb4 42. Rxb5 Nc2 43. Rxb7 Nxe3 44. Re1 d4 45. Kg1 d3 46. Rd7 Nc2 47. Rd1
Nb4 48. Kf2 Kg7 49. g4 h6 50. Kf3 g5 51. R1xd3 Nxd3 52. Rxd3 Rb8 53. Nc4 Rb4 54.
Rc3 Kg6 55. Ke4 gxf4 56. Kxf4 f6 57. exf6 Kxf6 58. b3 e5+ 59. Ke4 Ke6 60. Kd3
Rb8 61. Ne3 Rd8+ 62. Ke2 Kf6 63. b4 Rd4 64. Rb3 Kg5 65. Nf5 Re4+ 66. Kf3 Rf4+
67. Kg3 e4 68. h4+ {Black resigns} 1-0

[Event "Team 45 45 League T53"]
[Site "Internet Chess Club"]
[Date "2012.05.31"]
[Round "3"]
[White "Bible-Believer"]
[Black "nosir"]
[Result "0-1"]
[WhiteElo "1467"]
[BlackElo "1508"]
[Opening "Benko's opening"]
[ECO "A00"]
[Time "20:00:38"]
[TimeControl "2700+45"]

1. g3 d5 2. Bg2 Nf6 3. c4 c6 4. cxd5 cxd5 5. Nf3 Nc6 6. O-O e6 7. d4 Bd6 8. Nc3
a6 9. Re1 O-O 10. Bg5 h6 11. Bxf6 Qxf6 12. e4 dxe4 13. Nxe4 Qd8 14. Nxd6 Qxd6
15. Qd2 Rd8 16. Rad1 Qd5 17. a3 Na5 18. Re5 Qb3 19. Rxa5 b6 20. Re5 Bb7 21. Re3
Qb5 22. Ne5 Bxg2 23. Kxg2 Qd5+ 24. Kg1 Rac8 25. Rc3 Rxc3 26. Qxc3 Qb7 27. Qc6
Qa7 28. Rc1 b5 29. Qc5 Qa8 30. Qe7 Rf8 31. Rc7 Qe4 32. Qc5 f6 33. Qc6 Qe1+ 34.
Kg2 fxe5 35. Qxe6+ Kh7 36. Rc2 Qe4+ {White resigns} 0-1

[Event "Team 45 45 League T53"]
[Site "Internet Chess Club"]
[Date "2012.06.04"]
[Round "3"]
[White "SirIvanhoe"]
[Black "BotanicalKnight"]
[Result "1/2-1/2"]
[WhiteElo "1510"]
[BlackElo "1504"]
[Opening "Robatsch (modern) defense"]
[ECO "B06"]
[Time "19:01:53"]
[TimeControl "2700+45"]

1. e4 g6 2. d4 Bg7 3. Nf3 d6 4. Be2 a6 5. O-O Nd7 6. Nc3 c5 7. Be3 Qc7 8. Qd2
Ngf6 9. Bd3 Ng4 10. d5 Nxe3 11. Qxe3 c4 12. Be2 b5 13. Rab1 O-O 14. Rfe1 {Game
drawn by mutual agreement} 1/2-1/2

[Event "Team 45 45 League T53"]
[Site "Internet Chess Club"]
[Date "2012.06.01"]
[Round "3"]
[White "PostMike"]
[Black "drsigmund1"]
[Result "0-1"]
[WhiteElo "1447"]
[BlackElo "1549"]
[Opening "French: advance, Euwe variation"]
[ECO "C02"]
[Time "14:30:37"]
[TimeControl "2700+45"]

1. e4 e6 2. d4 d5 3. e5 c5 4. c3 Nc6 5. Nf3 Bd7 6. Bd3 Qb6 7. Qc2 cxd4 8. cxd4
Nb4 9. Qe2 Nxd3+ 10. Qxd3 Bb5 11. Qd2 Ne7 12. b3 Nf5 13. a4 Ba6 14. Qb2 Rc8 15.
Bd2 Bd3 16. Bc3 Be7 17. Nbd2 O-O 18. b4 f6 19. b5 Qc7 20. Rc1 Qb8 21. Nb3 b6 22.
exf6 gxf6 23. Bd2 Bd6 24. Rxc8 Rxc8 25. Bc3 Rc4 26. Nbd2 Rxa4 27. Nb1 Rc4 28. h3
e5 29. dxe5 Re4+ 30. Kd2 Re2+ 31. Kxd3 Rxb2 32. Bxb2 fxe5 33. Ke2 Qe8 34. Re1
Qxb5+ {White resigns} 0-1

[Event "Team 45 45 League T53"]
[Site "Internet Chess Club"]
[Date "2012.06.04"]
[Round "3"]
[White "lawth3"]
[Black "PT105"]
[Result "0-1"]
[WhiteElo "1252"]
[BlackElo "1240"]
[Opening "QGD: Marshall defense"]
[ECO "D06"]
[Time "12:00:05"]
[TimeControl "2700+45"]

1. d4 d5 2. c4 Nf6 3. Nf3 Bf5 4. Nc3 e6 5. a3 c5 6. cxd5 Nxd5 7. Nxd5 exd5 8. g3
Nc6 9. Bg2 Qa5+ 10. Bd2 Qb5 11. Bc3 Be4 12. dxc5 Qxc5 13. b4 Qxc3+ 14. Kf1 Nd4
15. Qxd4 Rc8 16. Qxc3 Rxc3 17. Ng5 Bxg2+ 18. Kxg2 Be7 19. Nf3 Bf6 20. Ra2 Ke7
21. Rd1 Rd8 22. e3 Rc4 23. Rad2 Ke6 24. Nd4+ Bxd4 25. Rxd4 Rxd4 26. Rxd4 Rc8 27.
Rd3 Ke5 28. Kf3 f5 29. h3 Rc4 30. h4 h6 31. Ke2 g5 32. hxg5 hxg5 33. f3 g4 34.
f4+ Ke4 35. Kd2 b5 36. Rb3 d4 37. Rd3 a6 38. Rb3 Rc3 39. Rxc3 dxc3+ 40. Kxc3
Kxe3 41. Kc2 Kf3 42. Kd2 Kxg3 43. Ke3 Kh2 44. Kd4 g3 45. Ke5 g2 46. Kxf5 g1=Q
{White resigns} 0-1

[Event "Team 45 45 League T53"]
[Site "Internet Chess Club"]
[Date "2012.06.04"]
[Round "3"]
[White "krysto"]
[Black "mongmong"]
[Result "1/2-1/2"]
[WhiteElo "1577"]
[BlackElo "1656"]
[Opening "Nimzo-Indian: Fischer variation"]
[ECO "E43"]
[Time "20:05:36"]
[TimeControl "2700+45"]

1. d4 e6 2. c4 Nf6 3. Nc3 Bb4 4. e3 b6 5. Bd3 Bb7 6. Nf3 Bxc3+ 7. bxc3 O-O 8.
O-O c5 9. Qe2 d6 10. e4 Qc7 11. Re1 e5 12. d5 Bc8 13. Bg5 Ne8 14. Nd2 f5 15.
exf5 Bxf5 16. Bxf5 Rxf5 17. Qg4 Rf7 18. Ne4 Nd7 19. Qe6 Nf8 20. Qg4 Nd7 21. Qe6
Nf8 {Game drawn by mutual agreement} 1/2-1/2

[Event "Team 45 45 League T53"]
[Site "Internet Chess Club"]
[Date "2012.06.03"]
[Round "3"]
[White "seattleblues"]
[Black "Berke"]
[Result "1/2-1/2"]
[WhiteElo "1448"]
[BlackElo "1666"]
[Opening "Alekhine's defense"]
[ECO "B02"]
[Time "16:02:47"]
[TimeControl "2700+45"]

1. e4 Nf6 2. Nc3 c6 3. d4 d5 4. e5 Ng8 5. Bd3 Be6 6. Nf3 g6 7. O-O Bg4 8. h3 Bf5
9. Bxf5 gxf5 10. Qd3 e6 11. Bg5 Be7 12. Bf4 h5 13. Qd2 Nd7 14. b3 Qa5 15. Qe1
Bb4 16. Bd2 Ne7 17. Na4 Bxd2 18. Qxd2 Qxd2 19. Nxd2 Rg8 20. c4 b6 21. cxd5 Nxd5
22. Rac1 Rc8 23. Nc4 Ke7 24. Nd6 Rc7 25. Nc3 Nf4 26. g3 a6 27. h4 Ra7 28. Kh2
Ng6 29. Ne2 c5 30. f4 Rd8 31. Rc2 Kf8 32. Rd1 Ne7 33. Ng1 Nd5 34. Re1 Nb4 {Game
drawn by mutual agreement} 1/2-1/2

[Event "Team 45 45 League T53"]
[Site "Internet Chess Club"]
[Date "2012.06.01"]
[Round "3"]
[White "otib2006"]
[Black "sockmonkey"]
[Result "0-1"]
[WhiteElo "1334"]
[BlackElo "1400"]
[Opening "Queen's pawn: Yusupov-Rubinstein system"]
[ECO "A46"]
[Time "06:02:56"]
[TimeControl "2700+45"]

1. d4 Nf6 2. Nf3 e6 3. e3 b6 4. Bd3 Bb7 5. Nbd2 d5 6. c3 Nbd7 7. O-O Bd6 8. Qe2
Ne4 9. Nb3 f5 10. Nfd2 O-O 11. f3 Bxh2+ 12. Kxh2 Qh4+ 13. Kg1 Ng3 14. Qe1 Qh1+
15. Kf2 Nxf1 16. Qxf1 Qxf1+ 17. Nxf1 Rf6 18. Bd2 Rh6 19. Ng3 Rf8 20. e4 f4 21.
Ne2 g5 22. e5 c5 23. dxc5 Nxc5 24. Nxc5 bxc5 25. c4 dxc4 26. Bxc4 Bd5 27. Bxd5
exd5 28. b4 c4 29. Bc3 Rd8 30. Nd4 Re8 31. Re1 Ra6 32. a4 Rxa4 33. e6 Ra3 34.
Bb2 Ra2 35. Re2 h5 36. Kg1 Kh7 37. e7 c3 38. Bxc3 Rxe2 39. Nxe2 Rxe7 40. Nd4 Re3
41. Bb2 g4 42. Nf5 Rb3 43. Bd4 g3 44. Kf1 Rxb4 45. Bxa7 Rb1+ 46. Ke2 Rb3 47. Bb8
Rxb8 48. Kd3 Rb2 49. Kd4 Rxg2 50. Kxd5 Rd2+ 51. Ke4 g2 52. Kxf4 g1=Q {White
resigns} 0-1